 Dungeon Crawl Stone Soup version 0.20.0-15-g7f486f2 (webtiles) character file.

4523 polve the Carver (level 10, -1/63 HPs)
             Began as a Demonspawn Berserker on June 29, 2017.
             Was a High Priest of Trog.
             Slain by an unseen horror (8 damage)
             ... on level 8 of the Dungeon.
             The game lasted 00:12:53 (7441 turns).

polve the Carver (Demonspawn Berserker)             Turns: 7441, Time: 00:12:54

Health: -1/63      AC: 10    Str: 16 (17) XL:     10   Next: 17%
Magic:  3/3        EV: 12    Int: 10      God:    Trog [*****.]
Gold:   30         SH:  0    Dex: 12 (15) Spells: 9/9 levels left

rFire    . . .     SeeInvis .   D - +4 triple sword (antimagic)
rCold    + + .     Gourm    .   (shield currently unavailable)
rNeg     . . .     Faith    .   z - +2 leather armour of a ziggurat {rC+ MR+ Stlth+}
rPois    +         Spirit   .   (helmet restricted)
rElec    .         Reflect  .   (no cloak)
rCorr    .         Harm     .   (no gloves)
MR       +....                  h - +0 pair of boots
Stlth    ++........             d - amulet of regeneration
Regen    0.6/turn               (no ring)
MPRegen  0.1/turn               (no ring)

@: starving
A: claws 2, fangs 1, horns 2, slimy green scales 3, cold resistance 1,
deterioration 1, frail 1, powered by death 1
a: Berserk, Trog's Hand, Brothers in Arms, Burn Spellbooks, Renounce Religion


You were on level 8 of the Dungeon.
You worshipped Trog.
Trog was extremely pleased with you.
You were starving.

You visited 1 branch of the dungeon, and saw 8 of its levels.
You also visited: Sewer and Ossuary.

You collected 205 gold pieces.
You spent 175 gold pieces at shops.

Inventory:

Hand Weapons
 p - a +0 long sword
 D - a +4 antimagic triple sword (weapon)
Armour
 h - a +0 pair of boots (worn)
 z - the +2 leather armour of a ziggurat (worn) {rC+ MR+ Stlth+}
   (You bought it in a shop on level 7 of the Dungeon)

   It protects you from cold.
   It affects your resistance to hostile enchantments.
   It makes you more stealthy.
Jewellery
 d - an amulet of regeneration (around neck)
Wands
 s - a wand of iceblast (13/15)
 A - a wand of polymorph (2/24)
Scrolls
 a - a scroll of amnesia {unknown}
 e - a scroll of remove curse
 g - 2 scrolls of enchant weapon
 i - a scroll of recharging {unknown}
 m - 7 scrolls of teleportation
 q - 5 scrolls of identify
 t - 3 scrolls of fear {unknown}
 u - 3 scrolls of fog
 v - a scroll of immolation {unknown}
 y - 3 scrolls of enchant armour {unknown}
 B - a scroll of noise {unknown}
 C - a scroll of magic mapping {unknown}
 E - a scroll of blinking {unknown}
Potions
 f - a potion of magic
 j - 2 potions of brilliance
 k - 2 potions of haste
 l - a potion of heal wounds
 o - 5 potions of curing
 r - 3 potions of might
 x - 2 potions of ambrosia {unknown}
Comestibles
 b - 6 meat rations
 c - 6 bread rations
 n - 3 royal jellies
 w - 3 fruits


   Skills:
 - Level 3.0 Fighting
 + Level 13.4 Long Blades
 - Level 1.7 Armour
 - Level 1.7 Dodging


You had 9 spell levels left.
You didn't know any spells.

Dungeon Overview and Level Annotations

Branches:
Dungeon (8/15)             Temple (0/1) D:7
   Lair: D:8-11

Altars:
Dithmenos
Hepliaklqana
Trog

Shops:
D:4 *   D:6 }   D:7 [


Innate Abilities, Weirdness & Mutations

You have very sharp fingernails.
You are completely covered in slimy green scales. (AC +4, rPois)
Your flesh is cold resistant. (rC+)
You regenerate a little health from kills.
You have very sharp teeth.
You have a pair of horns on your head.
Your body sometimes deteriorates upon taking damage.
You are frail. (-10% HP)


Message History

You barely miss the two-headed ogre.
You headbutt the two-headed ogre, but do no damage.
The iguana closely misses you.
A hippogriff comes into view.
You barely miss the two-headed ogre. The iguana closely misses you.
The hippogriff moves out of view.
The two-headed ogre hits you with a giant club!!
* * * LOW HITPOINT WARNING * * *
Your body deteriorates!
You feel weakened.
The two-headed ogre hits you with a giant club!
* * * LOW HITPOINT WARNING * * *
The iguana hisses menacingly.
The iguana closely misses you.
You riposte.
You slice the iguana!!
You kill the iguana!
Trog accepts your kill. Something hits you but does no damage.
Something hits you but does no damage. Something hits you but does no damage.
Something hits you!
You die...

##########8.(.8###.#.#.#
........(..((.).........
.....####(..8...##.#...#
........†........#.#....
.................#.#..##
.................#.#..##
##.....|.......#.#....
#...<.........#.#....
#...@.........#.#....
#......####+#.#.#....
#...O..# #.#.#.#.#..
#.##...5..####.#...#.#..
............%...........
...#.....c...........##.
##...####.#..###.###..#
##..####r..##.....##..#
##.......##..#....##..


You could see a two-headed ogre, a centaur, a quasit and a quokka.

Vanquished Creatures
  Pikel (D:4)
  3 orc sorcerers (D:7)
  A manticore (D:7)
  2 hungry ghosts
  The ghost of Yermak the Cutter, an amateur HaCK of Xom (D:3)
  A water moccasin (D:6)
  2 sky beasts
  2 slaves (D:4)
  3 ogres
  A phantom (D:7)
  A centaur (D:8)
  Blork the orc (D:4)
  A bullfrog (D:6)
  2 centaur zombies
  A bullfrog zombie (D:8)
  2 hounds
  3 jellies
  5 orc wizards
  2 bullfrog skeletons
  3 orc priests
  A human zombie (Ossuary)
  2 centaur skeletons
  6 worker ants
  4 iguanas
  2 mummies (Ossuary)
  A howler monkey zombie (D:6)
  Robin (D:4)
  A worker ant zombie (D:5)
  2 howler monkey skeletons
  6 river rats
  15 adders
  2 oozes (D:3)
  2 adder zombies (Ossuary)
  2 worms (D:5)
  2 dart slugs
  3 leopard geckos
  28 orcs
  2 ball pythons (Sewer)
  6 giant cockroaches
  8 goblins
  11 hobgoblins
  2 jackals (D:7)
  4 quokkas
  5 bats
  6 frilled lizards
  2 goblin zombies (Ossuary)
  8 hobgoblin zombies (Ossuary)
  A jackal skeleton (D:7)
  2 jackal zombies (Ossuary)
  6 kobolds
  8 kobold zombies (Ossuary)
  11 orc zombies (Ossuary)
  17 rats
  A rat zombie (Ossuary)
218 creatures vanquished.

Vanquished Creatures (others)
  An orc wizard (D:4)
  A worker ant (D:4)
2 creatures vanquished.

Grand Total: 220 creatures vanquished

Notes
Turn   | Place    | Note
-------+----------+-------------------------------------------
     0 | D:1      | polve the Demonspawn Berserker began the quest for the Orb.
     0 | D:1      | Reached XP level 1. HP: 18/18 MP: 1/1
   317 | D:1      | Reached skill level 3 in Long Blades
   656 | D:1      | Gained mutation: Your flesh is cold resistant. (rC+) [demonic ancestry]
   656 | D:1      | Reached XP level 2. HP: 24/24 MP: 2/2
  1065 | D:2      | Gained mutation: You are partially covered in slimy green scales. (AC +2) [demonic ancestry]
  1065 | D:2      | Reached XP level 3. HP: 23/29 MP: 3/3
  1363 | D:2      | Reached skill level 4 in Long Blades
  1720 | D:3      | Noticed Yermak's ghost (amateur HaCK)
  1730 | D:3      | Killed Yermak's ghost
  1730 | D:3      | Reached skill level 5 in Long Blades
  1730 | D:3      | Gained mutation: You regenerate a little health from kills. [demonic ancestry]
  1730 | D:3      | Reached XP level 4. HP: 31/35 MP: 4/4
  1730 | D:3      | Gained mutation: You are mostly covered in slimy green scales. (AC +3) [demonic ancestry]
  1730 | D:3      | Reached XP level 5. HP: 36/41 MP: 5/5
  1739 | D:3      | Reached ** piety under Trog
  1861 | D:3      | Found a shadowy altar of Dithmenos.
  2411 | D:4      | Noticed Robin
  2433 | D:4      | Killed Robin
  2433 | D:4      | Reached skill level 6 in Long Blades
  2464 | D:4      | Noticed a slave
  2466 | D:4      | Noticed Pikel
  2489 | D:4      | Killed a slave
  2499 | D:4      | Noticed a slave
  2500 | D:4      | Noticed a slave
  2500 | D:4      | Noticed a slave
  2518 | D:4      | Killed a slave
  2530 | D:4      | Killed Pikel
  2530 | D:4      | Reached skill level 7 in Long Blades
  2530 | D:4      | Reached XP level 6. HP: 33/47 MP: 6/6
  2530 | D:4      | Reached XP level 7. HP: 37/52 MP: 7/7
  2541 | D:4      | Reached skill level 8 in Long Blades
  2685 | D:4      | Reached *** piety under Trog
  2760 | D:4      | Found Atupsox's Assorted Antiques.
  3359 | D:4      | Noticed Blork the orc
  3366 | D:4      | Killed Blork the orc
  3366 | D:4      | Reached skill level 9 in Long Blades
  3366 | D:4      | Gained mutation: You are completely covered in slimy green scales. (AC +4, rPois) [demonic ancestry]
  3366 | D:4      | Reached XP level 8. HP: 58/58 MP: 8/8
  3515 | D:5      | Entered Level 5 of the Dungeon
  3968 | D:5      | Found a glowing drain.
  3972 | Sewer    | Entered a sewer
  4038 | Sewer    | Reached **** piety under Trog
  4628 | D:5      | Reached skill level 10 in Long Blades
  4632 | D:5      | Gained mutation: Scrolls take you a little longer to read. [mutagenic meat]
  4633 | D:5      | Gained mutation: Your body sometimes deteriorates upon taking damage. [mutagenic meat]
  4634 | D:5      | Gained mutation: You have a pair of small horns on your head. [mutagenic meat]
  4635 | D:5      | Gained mutation: You are frail. (-10% HP) [mutagenic meat]
  4636 | D:5      | Gained mutation: Armour fits poorly on your strangely shaped body. [mutagenic meat]
  4644 | D:5      | Lost mutation: Armour fits poorly on your strangely shaped body. [potion of mutation]
  4644 | D:5      | Lost mutation: Scrolls take you a little longer to read. [potion of mutation]
  4644 | D:5      | Gained mutation: You have very sharp teeth. [potion of mutation]
  4644 | D:5      | Gained mutation: You have a pair of horns on your head. [potion of mutation]
  5053 | D:6      | Found Vuovim's Gadget Emporium.
  5672 | D:7      | Found Lirghuoto's Antique Armour Shoppe.
  5685 | D:7      | Bought a twisted leather armour for 175 gold pieces
  5697 | D:7      | Identified the +2 leather armour of a ziggurat {rC+ MR+ Stlth+} (You bought it in a shop on level 7 of the Dungeon)
  5713 | D:7      | Noticed an orc sorcerer
  5716 | D:7      | Paralysed by an orc sorcerer for 5 turns
  5720 | D:7      | Noticed a hellwing
  5722 | D:7      | Noticed a sixfirhy
  5724 | D:7      | Noticed a hellwing
  5725 | D:7      | Noticed an orc sorcerer
  5896 | D:7      | Reached skill level 11 in Long Blades
  5896 | D:7      | Gained mutation: You have sharp fingernails. [demonic ancestry]
  5896 | D:7      | Reached XP level 9. HP: 34/56 MP: 9/9
  5994 | D:7      | Noticed a red devil
  5996 | D:7      | Killed an orc sorcerer
  6023 | D:7      | Noticed an ice devil
  6030 | D:7      | Noticed a manticore
  6135 | D:7      | Killed an orc sorcerer
  6135 | D:7      | Reached skill level 12 in Long Blades
  6140 | D:7      | Killed a manticore
  6363 | D:7      | Noticed an orc sorcerer
  6369 | D:7      | Noticed an ice devil
  6369 | D:7      | Killed an orc sorcerer
  6369 | D:7      | Reached ***** piety under Trog
  6369 | D:7      | Reached skill level 13 in Long Blades
  6409 | D:7      | Gained mutation: You have very sharp fingernails. [demonic ancestry]
  6409 | D:7      | Reached XP level 10. HP: 63/63 MP: 10/10
  6636 | D:7      | Found a hazy altar of Hepliaklqana.
  6636 | D:7      | Found a bloodstained altar of Trog.
  6654 | D:7      | Found a staircase to the Ecumenical Temple.
  7051 | D:8      | Found a sand-covered staircase.
  7060 | Ossuary  | Entered an ossuary
  7222 | Ossuary  | Received a gift from Trog
  7425 | D:8      | Noticed a two-headed ogre
  7431 | D:8      | HP: 1/63 [two-headed ogre/giant club (8)]
  7441 | D:8      | Slain by an unseen horror

Skill      XL: |  1  2  3  4  5  6  7  8  9 |
---------------+----------------------------+-----
Long Blades    | 3 5 7 9 11 13 | 13.4
Fighting       | |  3.0
Armour         | |  1.7
Dodging        | |  1.7

Action                   |  1- 3 |  4- 6 |  7- 9 | 10-12 || total
-------------------------+-------+-------+-------+-------++-------
Melee: Falchion          |    83 |   149 |   341 |       ||   573
       Long sword        |       |       |   151 |   115 ||   266
       Headbutt          |       |       |    37 |    35 ||    72
       Bite              |       |       |    18 |    12 ||    30
       Triple sword      |       |       |       |    17 ||    17
Invok: Berserk           |     2 |     1 |     8 |       ||    11
  Use: Potion            |       |       |    10 |       ||    10
       Scroll            |       |       |     5 |       ||     5
 Stab: Sleeping          |       |     1 |     2 |       ||     3
  Eat: Chunk             |     2 |     4 |    28 |     4 ||    38
       Fruit             |     1 |       |     1 |       ||     2
Armor: Leather armour    |    18 |    44 |   146 |    46 ||   254
Dodge: Dodged            |    55 |   102 |   252 |    78 ||   487
       Rpst.: Falchion   |    12 |    31 |    53 |       ||    96
       Long sword        |       |       |    23 |    17 ||    40
       Triple sword      |       |       |       |     6 ||     6
